 Dungeon Crawl Stone Soup version 0.20.1-1-g8b1a95d (webtiles) character file.

2573 robertstho the Thaumaturge (level 9, -8/46 HPs)
             Began as a Deep Elf Wizard on Nov 21, 2017.
             Was a Believer of Sif Muna.
             Shot with an arrow by a centaur (14 damage)
             ... on level 8 of the Dungeon on Nov 22, 2017.
             The game lasted 00:55:43 (8668 turns).

robertstho the Thaumaturge (Deep Elf Wizard)        Turns: 8668, Time: 00:55:44

Health: -8/46      AC: 10    Str:  4    XL:     9   Next: 32%
Magic:  2/27       EV: 14    Int: 30    God:    Sif Muna [**....]
Gold:   135        SH:  0    Dex: 13    Spells: 16/33 levels left

rFire    . . .     SeeInvis .   B - +1 war axe
rCold    . . .     Gourm    .   (no shield)
rNeg     + . .     Faith    .   y - +2 robe {rN+}
rPois    +         Spirit   .   v - +2 helmet
rElec    .         Reflect  .   D - +1 cloak {rPois}
rCorr    .         Harm     .   C - +0 pair of gloves
MR       .....                  (no boots)
Stlth    ++........             (no amulet)
Regen    0.2/turn               f - ring of poison resistance
MPRegen  0.2/turn               l - +3 ring of intelligence

@: divine energy
A: no striking features
a: Stop Divine Energy, Renounce Religion


You were on level 8 of the Dungeon.
You worshipped Sif Muna.
Sif Muna was pleased with you.
You were not hungry.

You visited 2 branches of the dungeon, and saw 9 of its levels.

You collected 330 gold pieces.
You spent 195 gold pieces at shops.

Inventory:

Hand Weapons
 h - a +0 spear
 p - a +1 dagger of holy wrath
 B - a +1 war axe (weapon)
Missiles
 q - 43 poisoned needles
 F - 18 bolts
 H - 4 tomahawks (quivered)
Armour
 a - a +0 robe
 b - a +0 hat
 r - a +0 cloak
 u - a +2 animal skin
 v - a +2 helmet (worn)
 y - a +2 robe of positive energy (worn)
 C - a +0 pair of gloves (worn)
 D - a +1 cloak of poison resistance (worn)
Jewellery
 f - a ring of poison resistance (left hand)
 j - an uncursed amulet of guardian spirit {unknown}
 l - a +3 ring of intelligence (right hand)
 I - an uncursed amulet of harm {unknown}
 L - an uncursed ring of magical power {unknown}
Wands
 K - a wand of iceblast (0/15)
Scrolls
 d - a scroll of recharging
 i - 3 scrolls of teleportation
 m - 2 scrolls of remove curse
 E - a scroll of fear
 G - 6 scrolls of identify
 J - a scroll of noise {unknown}
Potions
 n - a potion of invisibility
 s - a potion of agility {unknown}
 t - 2 potions of magic {unknown}
 w - 2 potions of brilliance {unknown}
 x - a potion of curing
 z - a potion of might
Books
 c - a book of Minor Magic

   Spells                             Type                      Level
   a - Magic Dart                     Conjuration                  1
   b - Blink                          Translocation                2
   c - Call Imp                       Summoning                    2
   d - Slow                           Hexes                        2
   e - Conjure Flame                  Conjuration/Fire             3
   f - Mephitic Cloud                 Conjuration/Poison/Air       3
 e - a book of Frost

   Spells                             Type                      Level
   a - Freeze                         Ice                          1
   b - Throw Frost                    Conjuration/Ice              2
   c - Ozocubu's Armour               Charms/Ice                   3
   d - Throw Icicle                   Conjuration/Ice              4
   e - Summon Ice Beast               Ice/Summoning                4
Comestibles
 g - 3 bread rations
 A - 4 meat rations


   Skills:
 + Level 0.8 Fighting
 + Level 0.4 Short Blades
   Level 0.1(0.3) Long Blades
 + Level 1.7(1.8) Axes
 + Level 0.5(1.2) Polearms
 + Level 3.9 Dodging
 - Level 2.4 Stealth
 * Level 12.5 Spellcasting
 + Level 6.8 Conjurations
 + Level 1.1 Summonings
 + Level 1.3 Translocations
 + Level 0.4 Fire Magic
 + Level 2.0 Ice Magic
 + Level 2.2 Air Magic
 + Level 1.6 Poison Magic
 + Level 0.2 Evocations


You had 16 spell levels left.
You knew the following spells:

 Your Spells              Type           Power        Failure   Level  Hunger
a - Magic Dart            Conj           ####         1%          1    None
b - Blink                 Tloc           N/A          2%          2    None
c - Call Imp              Summ           ####....     2%          2    None
d - Slow                  Hex            ###.....     4%          2    None
e - Conjure Flame         Conj/Fire      #####...     1%          3    None
f - Mephitic Cloud        Conj/Pois/Air  #####...     1%          3    None
g - Throw Icicle          Conj/Ice       #####...     4%          4    None


Dungeon Overview and Level Annotations

Branches:
Dungeon (8/15)             Temple (1/1) D:5
   Lair: D:8-11

Altars:
Ashenzari
Cheibriados
Dithmenos
Gozag
Hepliaklqana
Makhleb
Okawaru
Ru
Sif Muna
Trog
Uskayaw
Xom
Yredelemnul

Shops:
D:6 ([

Annotations:
D:6 723 sword


Message History

The centaur shoots an arrow.
The arrow hits you but does no damage.
You feel better.
The centaur shoots an arrow.
The arrow hits you but does no damage.
As you read the scroll labeled UTORUTYNARPH, it crumbles to dust.
You hear snatches of song.
It was a scroll of random uselessness.
Your surroundings suddenly seem different.
The centaur shoots an arrow.
The arrow barely misses you.
Found a stone staircase leading down.
The centaur shoots an arrow.
The arrow hits you!
* * * LOW HITPOINT WARNING * * *
You see here an arrow.
You feel better.
The centaur shoots an arrow.
The arrow hits you but does no damage.
The centaur shoots an arrow.
The arrow hits you.
* * * LOW HITPOINT WARNING * * *
You see here an arrow.
There is a stone staircase leading down here.
The centaur shoots an arrow.
The arrow hits you!
You die...

#..................
#..............##.#
#.............#...
#..)......(.....###
##(...#.cW........###
#)####..............
#(# #....(.........
##.# #.....(....##
#(.# ###....@...#
#(## #..........# ###
#....#####.# #....# #
#....# ######


You could see a phantom and a centaur.

Vanquished Creatures
  A two-headed ogre (D:8)
  Menkaure (D:7)
  A black bear (D:7)
  A sky beast (D:8)
  An ice beast (D:7)
  A necrophage (D:7)
  2 ogres
  3 centaurs
  2 bullfrogs (D:6)
  2 gnoll sergeants
  A scorpion (D:4)
  A howler monkey (D:5)
  3 crimson imps
  4 hounds
  A centaur skeleton (D:5)
  A bullfrog skeleton (D:7)
  7 orc wizards
  Jessica (D:3)
  4 iguanas
  Natasha (twice) (D:3)
  4 worker ants
  A hound zombie (D:5)
  A hound skeleton (D:4)
  Robin (D:2)
  A howler monkey skeleton (D:6)
  9 gnolls
  9 adders
  2 shadow imps
  3 adder skeletons
  4 worms
  2 dart slugs
  4 leopard geckos
  23 orcs
  8 giant cockroaches
  17 goblins
  6 hobgoblins
  3 jackals
  6 kobolds
  2 quokkas (D:3)
  A ball python (D:3)
  5 bats
  2 frilled lizards (D:2)
  A jackal zombie (D:6)
  A quokka zombie (D:6)
  6 rats
162 creatures vanquished.

Vanquished Creatures (collateral kills)
  A rat (D:3)
1 creature vanquished.

Grand Total: 163 creatures vanquished

Notes
Turn   | Place    | Note
-------+----------+-------------------------------------------
     0 | D:1      | robertstho the Deep Elf Wizard began the quest for the Orb.
     0 | D:1      | Reached XP level 1. HP: 10/10 MP: 7/7
   410 | D:1      | Reached skill level 5 in Spellcasting
   441 | D:1      | Reached XP level 2. HP: 15/15 MP: 7/10
   445 | D:1      | Learned a level 2 spell: Blink
   448 | D:1      | Learned a level 2 spell: Call Imp
   451 | D:1      | Learned a level 2 spell: Slow
  1538 | D:2      | Reached XP level 3. HP: 10/19 MP: 6/12
  1543 | D:2      | Learned a level 3 spell: Conjure Flame
  1547 | D:2      | Learned a level 3 spell: Mephitic Cloud
  1686 | D:2      | Noticed Robin
  1783 | D:2      | Reached skill level 6 in Spellcasting
  1995 | D:2      | Killed Robin
  2027 | D:2      | Reached XP level 4. HP: 19/24 MP: 0/14
  2987 | D:3      | Noticed Jessica
  2990 | D:3      | Killed Jessica
  2990 | D:3      | Reached XP level 5. HP: 28/28 MP: 9/16
  3068 | D:3      | Reached skill level 7 in Spellcasting
  3282 | D:3      | Noticed Natasha
  3287 | D:3      | Killed Natasha
  3566 | D:3      | Noticed Natasha
  3574 | D:3      | Killed Natasha
  3574 | D:3      | Reached XP level 6. HP: 32/32 MP: 1/18
  3869 | D:4      | Learned a level 4 spell: Throw Icicle
  3892 | D:4      | Reached skill level 8 in Spellcasting
  4002 | D:4      | Reached skill level 1 in Air Magic
  4390 | D:5      | Entered Level 5 of the Dungeon
  4436 | D:5      | Reached XP level 7. HP: 36/36 MP: 2/21
  4861 | D:5      | Reached skill level 9 in Spellcasting
  5049 | D:5      | Found a staircase to the Ecumenical Temple.
  5124 | Temple   | Entered the Ecumenical Temple
  5154 | Temple   | Became a worshipper of Sif Muna the Loreminder
  5351 | D:5      | Found a basalt altar of Yredelemnul.
  5351 | D:5      | Found an iron altar of Okawaru.
  5352 | D:5      | Found a shattered altar of Ashenzari.
  5565 | D:6      | Found Hoamoez's Antique Armour Shop.
  5572 | D:6      | Bought a glowing cloak for 195 gold pieces
  5653 | D:6      | Found a shimmering altar of Xom.
  5676 | D:6      | Found a shadowy altar of Dithmenos.
  5678 | D:6      | Found Ajibb's Weapon Emporium.
  5693 | D:6      | Reached skill level 5 in Conjurations
  5693 | D:6      | Reached skill level 1 in Ice Magic
  6461 | D:6      | Reached skill level 10 in Spellcasting
  6461 | D:6      | Reached XP level 8. HP: 41/41 MP: 19/24
  6635 | D:7      | Reached * piety under Sif Muna
  6990 | D:7      | Noticed Menkaure
  7007 | D:7      | Killed Menkaure
  7053 | D:7      | Reached skill level 1 in Axes
  7199 | D:7      | Reached skill level 11 in Spellcasting
  7607 | D:7      | Reached skill level 1 in Poison Magic
  7752 | D:7      | Reached ** piety under Sif Muna
  8009 | D:7      | Reached XP level 9. HP: 38/46 MP: 13/26
  8527 | D:8      | Reached skill level 12 in Spellcasting
  8543 | D:8      | Noticed a two-headed ogre
  8561 | D:8      | Killed a two-headed ogre
  8668 | D:8      | Shot with an arrow by a centaur

Skill      XL: |  1  2  3  4  5  6  7  8  9 |
---------------+----------------------------+-----
Spellcasting   | 5 6 7 8 10 11 12 | 12.5
Conjurations   | 2 3 4 5 6 |  6.8
Air Magic      | 1 2 |  2.2
Dodging        | 3 |  3.9
Ice Magic      | 1 2 |  2.0
Axes           | 1 |  1.7
Poison Magic   | 1 |  1.6
Fighting       | |  0.8
Short Blades   | |  0.4
Long Blades    | |  0.1
Polearms       | |  0.5
Stealth        | |  2.4
Summonings     | |  1.1
Translocations | |  1.3
Fire Magic     | |  0.4
Evocations     | |  0.2

Action                   |  1- 3 |  4- 6 |  7- 9 || total
-------------------------+-------+-------+-------++-------
Melee: Spear             |    26 |       |       ||    26
       Dagger            |       |    11 |       ||    11
       War axe           |       |       |    59 ||    59
       Falchion          |       |       |     8 ||     8
 Cast: Magic Dart        |    71 |   145 |   225 ||   441
       Mephitic Cloud    |     5 |     9 |    15 ||    29
       Conjure Flame     |     1 |       |     6 ||     7
       Throw Icicle      |       |     8 |    26 ||    34
       Blink             |       |     2 |     1 ||     3
Invok: Divine Energy     |       |       |     1 ||     1
Evoke: Wand              |       |       |     3 ||     3
  Use: Potion            |     3 |       |     4 ||     7
       Scroll            |       |    11 |     5 ||    16
 Stab: Confused          |     1 |     1 |       ||     2
  Eat: Bread ration      |     1 |     1 |       ||     2
       Chunk             |       |     4 |     9 ||    13
       Royal jelly       |       |       |     1 ||     1
Armor: Robe              |     6 |     4 |    63 ||    73
       Animal skin       |       |     2 |       ||     2
Dodge: Dodged            |    43 |     9 |   120 ||   172
       Rpst.: Falchion   |       |       |     3 ||     3
